 Dungeon Crawl Stone Soup version 0.23.1 (webtiles) character file.

Game seed: 17599938285863295824

96 PentaManta the Sneak (level 4, 0/23 HPs)
             Began as a Spriggan Artificer on Mar 14, 2019.
             Killed themself with a badly aimed iceblast (21 damage)
             ... on level 2 of the Dungeon.
             The game lasted 00:05:44 (2810 turns).

PentaManta the Sneak (Spriggan Artificer)           Turns: 2810, Time: 00:05:45

Health: 0/23       AC:  2    Str:  8    XL:     4   Next: 41%
Magic:  8/8        EV: 18    Int: 12    God:
Gold:   204        SH:  0    Dex: 17    Spells: 3/3 levels left

rFire    . . .     SeeInvis +   a - +1 short sword
rCold    . . .     Gourm    .   (shield restricted)
rNeg     . . .     Faith    .   b - +0 robe
rPois    .         Spirit   .   (helmet restricted)
rElec    .         Reflect  .   (no cloak)
rCorr    .         Harm     .   (gloves unavailable)
MR       .....                  (boots unavailable)
Stlth    +++.......             (no amulet)
HPRegen  0.07/turn              (no ring)
MPRegen  0.11/turn              (no ring)

@: very quick
A: very small, unfitting armour, see invisible, herbivore, speed 3, slow
metabolism 2
a: no special abilities


You were on level 2 of the Dungeon.
You were not hungry.

You visited 1 branch of the dungeon, and saw 2 of its levels.

You collected 204 gold pieces.

Inventory:

Hand Weapons
 a - a +1 short sword (weapon)
 k - a +0 hunting sling
Missiles
 m - 14 stones (quivered)
Armour
 b - a +0 robe (worn)
Wands
 c - a wand of flame (15)
 d - a wand of enslavement (15)
 e - a wand of random effects (14)
Scrolls
 h - 2 scrolls of teleportation
 i - a scroll of enchant weapon
 j - 3 scrolls of identify {unknown}
Potions
 l - a potion of lignification {unknown}
Comestibles
 f - 5 rations


   Skills:
 + Level 1.8 Fighting
 + Level 2.4 Short Blades
 - Level 3.0 Dodging
 * Level 4.9 Stealth
 - Level 4.0 Evocations


You had 3 spell levels left.
You didn't know any spells.
Your spell library was empty.

Dungeon Overview and Level Annotations

Branches:
Dungeon (2/15)

Altars:


Innate Abilities, Weirdness & Mutations

You are very small and have problems with some larger weapons.
You are too small for most types of armour.
You have supernaturally acute eyesight. (SInv)
You are a herbivore.
You cover ground extremely quickly.
You need to consume almost no food.


Message History

Aiming: Random Effects
Press: ? - help, Shift-Dir - straight line, f - orc
Aim: an orc, wielding a +0 short sword The bolt of poison hits the orc!!
You kill the orc!
You hit the goblin.
The goblin is almost dead.
The goblin hits you with a +0 dagger.
You hit the goblin.
You kill the goblin!
The orc hits you but does no damage.
Evoke which item? (* to show all) (? for menu, Esc to quit)
Aiming: Random Effects
Press: ? - help, Shift-Dir - straight line, f - orc
Aim: an orc, wielding a +0 dagger and wearing a +0 leather armour The mass of ice explodes!
The iceblast engulfs the orc!!
You kill the orc!
The iceblast engulfs you!!
Ouch! That really hurt!
You die...

#.#..) #.....## #.#.#.
#......# #######.###.
#......# #....##.....
#...).. #....##..##.
#..?.o. #....##..##.
#.....# #....##..##.
#....)######....##รท.##.
#.....@....'........##.
#....#######....###.##.
##### #....'........##.
###.####....#######
#...........'......
#.#.####[...#######
#.#.#...........#
#.#.#.#########.#
#.#[#.# #.#


You could see an orc.

Vanquished Creatures
  3 adders (D:2)
  A worm (D:2)
  2 dart slugs (D:1)
  2 orcs (D:2)
  8 bats
  4 giant cockroaches
  9 goblins
  8 hobgoblins
  6 jackals (D:1)
  4 kobolds
  3 frilled lizards (D:1)
  3 rats
53 creatures vanquished.

Notes
Turn   | Place    | Note
-------+----------+-------------------------------------------
     0 | D:1      | PentaManta the Spriggan Artificer began the quest for the
                  | Orb.
     0 | D:1      | Reached XP level 1. HP: 9/9 MP: 4/4
    62 | D:1      | Reached skill level 1 in Fighting
   466 | D:1      | Reached XP level 2. HP: 14/14 MP: 6/6
   980 | D:1      | Reached XP level 3. HP: 12/18 MP: 7/7
  2061 | D:2      | Reached XP level 4. HP: 13/23 MP: 8/8
  2810 | D:2      | Killed themself with a badly aimed iceblast

Skill      XL: |  1  2  3 |
---------------+----------+-----
Stealth        | 2 3 4 |  4.9
Fighting       | 1 |  1.8
Short Blades   | 2 |  2.4
Dodging        | |  3.0
Evocations     | |  4.0

Action                   |  1- 3 |  4- 6 || total
-------------------------+-------+-------++-------
Melee: Short sword       |   181 |    33 ||   214
 Fire: Hunting sling     |       |     4 ||     4
Evoke: Wand              |       |     1 ||     1
  Use: Scroll            |     4 |       ||     4
       Potion            |     1 |       ||     1
 Stab: Sleeping          |     7 |       ||     7
Armor: Robe              |    21 |     3 ||    24
Dodge: Dodged            |   152 |    20 ||   172
